Map: Pillars of Gold LE

Players

AIURANIAN - Winner!

  • Race: Terran Terran
  • League: Diamond
  • Spawn Location: 1:00

Gianzex

  • Race: Protoss Protoss
  • League: Diamond
  • Spawn Location: 7:00

VOD

Have the link to the VOD?

Description

Time

  • Played on: Sept. 8, 2020, 8:21 a.m.
  • Length: 43:59
Show
View Real Time Build Order
Export as new Build Order

AIURANIAN Terran - Winner!

Build Orders:  

Get SALT Encoding   

  12  0:00  SCV  
  13  0:13  SCV  
  14  0:25  SCV  
  14  0:27  Refinery  
  15  0:29  Refinery  
  15  0:38  Supply Depot  
  15  1:11  Barracks  
  15  1:12  Barracks  
  15  1:14  SCV  
  16  1:27  SCV  
  17  1:39  SCV  
  18  1:51  SCV  
  19  2:01  Reaper  
  20  2:02  Supply Depot  
  20  2:03  SCV  
  20  2:05  Reaper  
  22  2:18  Factory  
  22  2:22  SCV  
  23  2:37  Bunker  
  23  2:43  SCV  
  24  2:50  Supply Depot  
  24  2:55  SCV  
  25  3:26  Bunker, Marine  
  26  3:28  Factory Tech Lab  
  26  3:29  Starport  
  26  3:35  Marine  
  26  3:36  Bunker  
  26  3:39  SCV  
  28  3:44  Marine  
  28  4:02  Marine, Siege Tank  
  32  4:05  SCV  
  33  4:14  Supply Depot, Marine  
  34  4:17  SCV  
  35  4:29  Liberator  
  39  4:43  Siege Tank  
  42  4:59  Engineering Bay, Marine  
  41  5:06  Barracks  
  42  5:15  Siege Tank  
  42  5:16  Supply Depot  
  42  5:17  Marine  
  46  5:26  Planetary Fortress  
  46  5:38  Supply Depot, Liberator  
  47  6:06  Siege Tank  
  33  6:34  Liberator  
  33  6:38  Siege Tank  
  39  6:44  Marine  
  40  7:02  Marine  
  41  7:10  Siege Tank  
  44  7:17  SCV, Factory  
  44  7:22  Supply Depot  
  44  7:29  SCV  
  44  7:47  Siege Tank  
  47  8:02  Liberator, Factory Tech Lab  
  50  8:34  Barracks Tech Lab  
  50  9:05  Siege Tank  
  47  9:36  Factory Tech Lab  
  47  9:37  Factory Tech Lab  
  50  10:13  Armory  
  53  10:15  Command Center x2  
  53  10:21  Widow Mine x2  
  45  10:42  Widow Mine x2  
  41  11:03  Widow Mine  
  43  11:15  Viking  
  38  11:45  Viking, Factory  
  40  11:47  Factory  
  40  11:48  Factory  
  36  12:15  Missile Turret x2  
  32  12:17  SCV  
  32  12:18  SCV  
  32  12:19  SCV  
  33  12:28  Missile Turret  
  33  12:29  SCV  
  34  12:30  SCV  
  34  12:31  SCV, Liberator  
  34  12:33  Missile Turret  
  34  12:35  Widow Mine  
  41  12:41  Widow Mine  
  41  12:42  SCV x2  
  47  12:55  Missile Turret  
  41  13:21  Missile Turret  
  41  13:28  Widow Mine x2  
  41  13:31  Missile Turret  
  43  14:00  Missile Turret  
  47  14:15  Factory Tech Lab x2  
  43  14:20  Factory Tech Lab  
  43  14:23  Refinery  
  43  14:26  Refinery  
  40  14:39  SCV x3  
  43  14:45  Thor  
  43  14:51  SCV  
  50  14:57  Missile Turret  
  50  15:20  SCV  
  51  15:27  Thor  
  57  15:32  SCV  
  57  15:34  SCV x2  
  60  15:44  SCV  
  60  15:46  SCV  
  68  15:56  SCV  
  63  16:16  Thor  
  63  16:17  Thor  
  75  16:28  Missile Turret  
  75  16:32  Supply Depot  
  75  16:34  Supply Depot  
  75  16:38  Factory  
  75  16:47  Drilling Claws  
  75  16:59  Thor  
  81  17:05  Thor  
  87  17:22  Missile Turret  
  87  17:23  Missile Turret  
  87  17:35  Factory Tech Lab  
  87  17:42  Planetary Fortress, Thor  
  93  17:47  Missile Turret  
  93  17:50  SCV x2  
  95  18:00  Widow Mine x2  
  95  18:02  SCV x2  
  101  18:21  Widow Mine x2  
  101  18:25  Starport  
  107  18:27  Widow Mine  
  107  18:29  SCV  
  107  18:32  Refinery  
  108  18:34  Refinery  
  108  18:42  SCV, Widow Mine  
  111  18:52  Widow Mine x2  
  115  18:57  Command Center  
  115  19:04  Widow Mine  
  115  19:08  Missile Turret  
  115  19:09  Missile Turret  
  117  19:21  Widow Mine  
  95  20:06  Siege Tank x2  
  95  20:07  Siege Tank  
  96  20:38  Thor, Siege Tank  
  96  20:39  Siege Tank  
  108  21:10  Thor x2  
  120  21:21  Thor  
  126  21:53  Factory, Thor  
  132  21:56  Orbital Command  
  132  22:02  Command Center  
  132  22:10  Supply Depot  
  132  22:11  Supply Depot  
  132  22:13  Supply Depot  
  132  22:30  Starport Tech Lab  
  132  22:31  Fusion Core, Thor  
  132  22:32  SCV  
  132  22:33  Thor  
  152  22:44  SCV  
  132  23:12  Viking  
  134  23:14  Thor  
  134  23:16  Thor  
  131  23:45  Barracks  
  131  23:46  Barracks  
  131  23:47  Barracks  
  131  23:49  Barracks  
  87  24:37  Supply Depot  
  87  24:38  Marine  
  86  24:41  Supply Depot x2  
  86  24:44  SCV, Marine  
  87  24:56  Command Center  
  87  24:57  Factory  
  64  26:02  Supply Depot  
  64  26:04  Supply Depot x2  
  63  26:06  Supply Depot  
  63  26:07  Supply Depot  
  63  26:34  Supply Depot  
  63  26:35  Supply Depot  
  63  26:56  SCV  
  63  26:57  Widow Mine  
  60  27:09  SCV  
  60  27:15  Refinery  
  61  27:21  SCV, Refinery, Widow Mine  
  64  27:24  Supply Depot  
  64  27:30  Engineering Bay  
  64  27:42  Widow Mine  
  60  28:05  Factory Tech Lab  
  60  28:09  Armory, Planetary Fortress  
  60  28:26  Widow Mine  
  60  28:59  Hellion  
  62  29:05  SCV  
  64  29:17  SCV  
  64  29:29  SCV  
  65  29:41  SCV  
  65  29:45  Siege Tank  
  69  29:53  SCV, Missile Turret  
  69  29:55  Missile Turret  
  69  29:57  Missile Turret  
  68  30:17  Siege Tank  
  69  30:38  Starport  
  69  30:49  Siege Tank  
  72  30:57  Command Center  
  72  31:01  Command Center  
  72  31:15  SCV, Starport Tech Lab  
  73  31:21  Siege Tank  
  76  32:05  Raven  
  78  32:08  Thor  
  78  32:11  Supply Depot  
  78  32:13  Supply Depot x2  
  84  32:36  Missile Turret  
  84  32:39  Missile Turret  
  84  32:40  Planetary Fortress  
  84  32:49  Planetary Fortress  
  84  32:58  SCV  
  85  33:10  SCV  
  84  33:25  SCV x2  
  84  33:26  SCV  
  87  33:32  Raven  
  89  33:37  SCV x2  
  89  33:38  SCV  
  92  33:42  Barracks  
  92  33:44  Refinery  
  92  33:46  Refinery  
  92  33:49  SCV x2  
  92  33:50  SCV  
  95  34:01  SCV x2  
  95  34:02  SCV  
  98  34:13  SCV x2  
  98  34:14  SCV  
  101  34:25  SCV x2  
  101  34:26  SCV  
  104  34:34  Factory  
  104  34:36  Factory  
  104  34:37  SCV x2  
  106  34:38  SCV, Factory  
  107  34:45  Thor  
  107  34:49  SCV x2  
  107  34:50  SCV  
  116  35:04  Raven  
  118  35:32  Hellion x4  
  126  35:47  Liberator  
  129  35:53  Hellion  
  129  35:54  Hellion  
  133  36:11  Supply Depot  
  133  36:16  Supply Depot  
  133  36:17  Supply Depot  
  133  36:19  Supply Depot  
  133  36:24  Factory Tech Lab x2  
  133  36:29  Factory Tech Lab  
  133  36:33  Hellion  
  133  36:35  Supply Depot  
  123  37:11  Hellion x2  
  123  37:12  Hellion x2  
  131  37:19  Liberator  
  134  37:33  Hellion x4  
  142  37:54  Hellion  
  144  37:58  Command Center  
  144  38:00  Command Center  
  144  38:02  Liberator  
  147  38:22  Thor x4  
  151  39:04  Thor  
  151  39:05  Thor x2  
  151  39:09  Thor  
  175  39:47  Thor x2  
  175  39:48  Thor  
  175  39:52  Thor  
  193  40:57  Widow Mine x4  
  189  41:03  Planetary Fortress  
  189  41:18  Widow Mine x4  
  138  41:39  Widow Mine x2  
  122  41:40  Widow Mine x2  
  119  42:00  Thor  
  119  42:01  Widow Mine x2, Thor  
  131  42:22  Thor  
  137  42:30  Thor  
  143  42:43  Thor x2  
Show
View Real Time Build Order
Export as new Build Order

Gianzex Protoss 

Build Orders:  

Get SALT Encoding   

  12  0:02  Probe  
  13  0:15  Pylon  
  13  0:18  Probe  
  14  0:30  Probe  
  15  0:37  Gateway  
  15  0:44  Assimilator  
  15  0:52  Probe (Chrono Boost)  
  16  1:02  Probe (Chrono Boost)  
  17  1:07  Gateway  
  17  1:11  Assimilator  
  17  1:14  Probe  
  18  1:26  Cybernetics Core  
  18  1:39  Pylon  
  18  2:02  Stalker (Chrono Boost)  
  18  2:07  Warp Gate  
  22  2:10  Stalker (Chrono Boost)  
  22  2:12  Shield Battery  
  22  2:15  Probe  
  23  2:35  Probe, Robotics Facility  
  24  2:47  Probe, Stalker  
  27  2:59  Probe  
  27  3:22  Stalker x2  
  31  3:28  Shield Battery  
  31  4:07  Pylon  
  31  4:16  Pylon  
  31  4:25  Probe, Immortal  
  36  4:37  Probe  
  37  4:39  Stalker x2  
  41  4:50  Probe  
  42  4:56  Nexus  
  42  5:15  Warp Prism (Chrono Boost)  
  44  5:25  Pylon  
  42  6:00  Stalker x2  
  42  6:29  Stalker  
  42  6:30  Stalker  
  42  6:36  Probe (Chrono Boost)  
  44  6:48  Probe (Chrono Boost), Pylon  
  44  6:54  Probe (Chrono Boost), Immortal (Chrono Boost)  
  47  7:03  Probe  
  48  7:11  Pylon  
  48  7:12  Stalker x2  
  48  7:15  Probe  
  53  7:18  Assimilator  
  53  7:43  Stalker x2  
  52  8:06  Stargate  
  52  8:16  Stargate  
  52  8:17  Stalker x2  
  56  8:25  Probe (Chrono Boost)  
  58  8:35  Probe (Chrono Boost)  
  58  8:40  Probe (Chrono Boost)  
  59  8:51  Probe  
  31  9:26  Stalker x2  
  31  9:34  Assimilator  
  29  9:40  Void Ray (Chrono Boost)  
  32  10:08  Probe  
  32  10:14  Void Ray (Chrono Boost)  
  33  10:20  Probe  
  38  10:31  Void Ray (Chrono Boost)  
  38  10:32  Probe  
  37  10:50  Void Ray (Chrono Boost)  
  37  10:57  Probe  
  38  11:09  Probe  
  37  11:21  Probe  
  37  11:32  Forge  
  37  11:34  Probe  
  37  11:35  Observer  
  37  11:46  Probe  
  34  11:56  Observer  
  28  12:21  Probe (Chrono Boost)  
  31  12:30  Probe (Chrono Boost)  
  31  12:31  Probe (Chrono Boost)  
  31  12:32  Observer (Chrono Boost)  
  31  12:35  Probe (Chrono Boost)  
  32  12:37  Probe  
  34  12:45  Observer (Chrono Boost)  
  34  12:47  Probe  
  34  12:49  Probe  
  34  12:50  Nexus  
  37  12:52  Stalker  
  39  12:59  Probe  
  39  13:02  Probe  
  41  13:11  Probe  
  42  13:23  Stalker  
  42  13:25  Probe  
  45  13:37  Probe  
  46  13:49  Probe  
  46  13:53  Assimilator  
  48  14:04  Probe (Chrono Boost)  
  48  14:05  Probe (Chrono Boost)  
  48  14:09  Photon Cannon  
  49  14:10  Photon Cannon  
  49  14:15  Probe x2 (Chrono Boost)  
  51  14:22  Probe x2 (Chrono Boost)  
  53  14:26  Stalker x2  
  53  14:28  Probe  
  53  14:29  Probe  
  59  14:40  Probe  
  59  14:41  Probe  
  59  14:43  Immortal  
  65  14:52  Probe (Chrono Boost)  
  66  14:54  Probe (Chrono Boost), Photon Cannon  
  67  15:01  Probe (Chrono Boost)  
  69  15:11  Probe (Chrono Boost)  
  69  15:12  Probe (Chrono Boost)  
  70  15:16  Probe x2 (Chrono Boost)  
  70  15:17  Probe  
  70  15:18  Photon Cannon  
  70  15:19  Photon Cannon  
  73  15:21  Stalker  
  73  15:28  Probe  
  75  15:34  Assimilator  
  75  15:42  Probe  
  76  15:43  Robotics Bay  
  76  15:54  Probe  
  77  16:13  Probe  
  77  16:18  Fleet Beacon, Stalker  
  80  16:24  Stargate  
  80  16:25  Probe x2  
  82  16:30  Assimilator  
  82  16:37  Probe  
  82  16:38  Immortal  
  87  16:41  Stalker x2  
  87  16:44  Protoss Ground Weapons Level 1 (Chrono Boost)  
  91  16:49  Probe, Pylon  
  92  17:01  Probe  
  92  17:05  Pylon  
  92  17:07  Probe, Protoss Air Weapons Level 1  
  94  17:08  Pylon  
  94  17:16  Tempest  
  94  17:19  Probe  
  100  17:23  Tempest  
  105  17:31  Probe, Colossus  
  112  17:38  Pylon  
  112  17:43  Probe  
  113  17:55  Pylon  
  113  17:56  Tempest  
  118  18:03  Tempest  
  123  18:08  Pylon  
  123  18:09  Pylon  
  123  18:13  Probe (Chrono Boost), Stargate  
  123  18:23  Probe (Chrono Boost)  
  123  18:26  Probe (Chrono Boost)  
  125  18:28  Probe (Chrono Boost)  
  126  18:35  Probe, Colossus (Chrono Boost)  
  126  18:39  Extended Thermal Lance  
  133  18:47  Tempest  
  138  18:56  Robotics Facility  
  138  19:02  Probe  
  139  19:03  Unknown  
  139  19:14  Probe  
  119  19:50  Stalker x2  
  119  19:51  Observer  
  92  20:04  Tempest  
  97  20:08  Tempest x3  
  112  20:25  Observer  
  90  20:36  Stalker x2  
  87  20:47  Tempest  
  92  20:50  Tempest  
  92  20:51  Tempest  
  102  21:06  Observer  
  102  21:10  Observer  
  102  21:23  Colossus (Chrono Boost)  
  102  21:25  Colossus (Chrono Boost)  
  114  21:56  Nexus  
  114  22:17  Nexus  
  113  22:59  Stalker x2  
  99  23:30  Tempest  
  97  23:45  Nexus  
  91  24:12  Pylon  
  91  24:14  Probe  
  70  24:30  Probe  
  61  24:51  Nexus  
  61  24:56  Probe  
  56  25:08  Probe  
  57  25:20  Probe  
  58  25:21  Gateway  
  51  26:16  Cybernetics Core  
  51  26:58  Twilight Council  
  32  27:12  Gateway, Assimilator  
  32  27:13  Probe (Chrono Boost)  
  32  27:14  Probe (Chrono Boost)  
  32  27:15  Gateway  
  35  27:25  Probe (Chrono Boost)  
  35  27:47  Dark Shrine  
  35  28:09  Probe (Chrono Boost)  
  35  28:10  Assimilator  
  36  28:52  Probe  
  37  29:11  Dark Templar x3  
  37  29:13  Probe  
  44  29:25  Probe  
  33  29:45  Dark Templar x2  
  28  30:20  Probe (Chrono Boost)  
  23  30:30  Probe (Chrono Boost)  
  23  30:31  Probe (Chrono Boost)  
  25  30:38  Probe (Chrono Boost)  
  26  30:45  Probe (Chrono Boost)  
  27  30:53  Probe (Chrono Boost)  
  28  31:01  Probe (Chrono Boost)  
  29  31:07  Probe x2  
  31  31:19  Probe  
  32  31:32  Robotics Facility  
  32  31:35  Probe  
  33  31:44  Probe  
  34  31:56  Probe  
  35  32:08  Probe  
  36  32:09  Probe  
  37  32:20  Probe  
  37  32:21  Probe  
  39  32:24  Observer (Chrono Boost)  
  40  32:33  Probe (Chrono Boost)  
  40  32:34  Probe (Chrono Boost)  
  42  32:37  Pylon  
  43  32:45  Probe (Chrono Boost)  
  43  32:49  Probe (Chrono Boost)  
  44  32:52  Immortal (Chrono Boost), Observer  
  44  32:56  Probe  
  49  33:09  Observer  
  49  33:10  Probe (Chrono Boost)  
  51  33:13  Probe (Chrono Boost)  
  51  33:17  Assimilator  
  51  33:19  Probe (Chrono Boost)  
  53  33:21  Probe (Chrono Boost)  
  53  33:26  Probe (Chrono Boost)  
  55  33:28  Probe (Chrono Boost)  
  55  33:30  Robotics Facility  
  55  33:31  Probe (Chrono Boost)  
  55  33:32  Observer  
  56  33:36  Immortal (Chrono Boost)  
  60  33:45  Shadow Stride  
  60  33:52  Probe (Chrono Boost)  
  61  33:57  Probe (Chrono Boost)  
  61  34:00  Assimilator  
  62  34:04  Pylon  
  62  34:09  Probe x2 (Chrono Boost), Pylon  
  64  34:14  Probe (Chrono Boost)  
  70  34:27  Probe (Chrono Boost)  
  70  34:29  Probe (Chrono Boost)  
  70  34:30  Immortal (Chrono Boost)  
  71  34:32  Immortal (Chrono Boost)  
  76  34:40  Probe (Chrono Boost)  
  76  34:46  Stargate  
  76  34:50  Stargate  
  76  35:05  Forge  
  76  35:13  Probe (Chrono Boost)  
  77  35:15  Pylon  
  77  35:17  Immortal  
  77  35:19  Immortal  
  85  35:23  Probe (Chrono Boost)  
  82  35:28  Probe (Chrono Boost)  
  73  35:57  Probe (Chrono Boost)  
  73  36:00  Fleet Beacon  
  74  36:07  Probe (Chrono Boost), Stalker x3  
  81  36:13  Probe (Chrono Boost)  
  81  36:16  Assimilator  
  81  36:17  Probe (Chrono Boost)  
  83  36:22  Probe (Chrono Boost)  
  85  36:26  Probe (Chrono Boost)  
  85  36:27  Probe (Chrono Boost), Pylon  
  86  36:33  Pylon  
  86  36:36  Probe, Assimilator  
  86  36:39  Probe  
  80  36:50  Stalker x3  
  81  37:04  Carrier (Chrono Boost)  
  93  37:10  Carrier (Chrono Boost)  
  92  37:32  Pylon  
  92  37:34  Pylon  
  92  37:48  Pylon  
  92  38:03  Probe  
  92  38:04  Carrier (Chrono Boost)  
  81  38:11  Carrier (Chrono Boost)  
  91  38:15  Probe  
  92  38:29  Pylon  
  92  38:30  Probe (Chrono Boost)  
  92  38:31  Probe (Chrono Boost)  
  94  38:39  Photon Cannon  
  94  38:41  Probe (Chrono Boost)  
  93  38:43  Probe (Chrono Boost)  
  90  39:01  Carrier (Chrono Boost)  
  96  39:16  Dark Templar  
  98  39:39  Probe  
  98  39:42  Pylon  
  99  39:51  Probe, Photon Cannon  
  100  39:55  Photon Cannon  
  100  40:03  Probe  
  58  41:43  Pylon  
  58  41:49  Pylon  
  50  42:31  Photon Cannon  
  50  42:36  Photon Cannon  
Tags
 
Add a new tag
Caveats
  • Supply blocks, unpowered buildings, or Contaminate may cause inaccurate times.
  • Supply counts are checked every 10 seconds.